 Dungeon Crawl Stone Soup version 0.23-a0-182-g58cdd98 (webtiles) character file.

58 Atlas the Firebug (level 3, 0/27 HPs)
             Began as a Draconian Fire Elementalist on Sept 20, 2018.
             Slain by a quokka (1 damage)
             ... on level 4 of the Dungeon.
             The game lasted 00:02:44 (2317 turns).

Atlas the Firebug (Draconian Fire Elementalist)     Turns: 2317, Time: 00:02:45

Health: 0/27       AC:  5    Str: 10    XL:     3   Next: 76%
Magic:  4/6        EV: 12    Int: 16    God:
Gold:   52         SH:  0    Dex: 11    Spells: 1/7 levels left

rFire    . . .     SeeInvis .   d - +0 dagger (venom)
rCold    . . .     Gourm    .   (no shield)
rNeg     . . .     Faith    .   (armour unavailable)
rPois    .         Spirit   .   (helmet restricted)
rElec    .         Reflect  .   (no cloak)
rCorr    .         Harm     .   (no gloves)
MR       .....                  (no boots)
Stlth    ++........             (no amulet)
HPRegen  0.09/turn              (no ring)
MPRegen  0.10/turn              (no ring)

@: no status effects
A: unfitting armour, cold-blooded, AC +5
a: no special abilities


You were on level 4 of the Dungeon.
You were not hungry.

You visited 1 branch of the dungeon, and saw 3 of its levels.

You collected 52 gold pieces.

Inventory:

Hand Weapons
 d - a +0 dagger of venom (weapon)
Wands
 g - a wand of iceblast (11)
Scrolls
 a - 2 scrolls of identify {unknown}
 c - a scroll of blinking {unknown}
 e - a scroll of remove curse {unknown}
Comestibles
 b - 2 rations
 h - 4 chunks of flesh


   Skills:
 + Level 0.3 Fighting
 + Level 2.1 Dodging
 - Level 1.7 Stealth
 + Level 0.4 Unarmed Combat
 + Level 2.6 Spellcasting
 + Level 1.7 Conjurations
 + Level 3.6 Fire Magic


You had one spell level left.
You knew the following spells:

 Your Spells              Type           Power        Failure   Level  Hunger
a - Flame Tongue          Conj/Fire      ##...        6%          1    #......
b - Throw Flame           Conj/Fire      ##....       10%         2    ##.....
c - Conjure Flame         Conj/Fire      ##......     19%         3    ###....

Your spell library contained the following spells:

 Spells                   Type           Power        Failure   Level  Hunger
 Inner Flame              Hex/Fire       #.......     28%         3    ###....
 Sticky Flame             Conj/Fire      ##......     54%         4    #####..
 Fireball                 Conj/Fire      ##........   87%         5    ######.


Dungeon Overview and Level Annotations

Branches:
Dungeon (2/15)

Altars:


Innate Abilities, Weirdness & Mutations

Your plain brown scales are hard. (AC +5)
You cannot fit into any form of body armour.
You are cold-blooded and may be slowed by cold attacks.


Message History

The quokka closely misses you.
Unknown command.
Casting: Flame Tongue (safe; 6% risk of failure)
Confirm with . or Enter, or press ? or * to list all spells.
Aiming: Flame Tongue (safe; 6% risk of failure)
Press: ? - help, Shift-Dir - straight line, f - quokka
Aim: a quokka The flame tongue hits the quokka.
The quokka is heavily wounded.
The orc wizard casts a spell at you. You resist with significant effort.
The quokka barely misses you. The orc wizard hits you with a dagger.
* * * LOW HITPOINT WARNING * * *
Casting: Flame Tongue (safe; 6% risk of failure)
Confirm with . or Enter, or press ? or * to list all spells.
Aiming: Flame Tongue (safe; 6% risk of failure)
Press: ? - help, Shift-Dir - straight line, f/p - quokka
Aim: a quokka (heavily wounded)
The flame tongue misses the quokka.
The quokka bites you.
You die...

... #.. ..#
#.# #.# #.#
#r# # #
#@#.#
###.###o#.#
.......o..#
........###
#########


You could see an orc wizard, an orc and a quokka.

Vanquished Creatures
  An adder (D:2)
  An ooze (D:2)
  2 worms (D:2)
  A leopard gecko (D:2)
  An orc (D:4)
  4 bats (D:1)
  A giant cockroach (D:1)
  5 goblins (D:1)
  3 hobgoblins
  4 jackals (D:2)
  4 frilled lizards
  3 kobolds
  7 rats
37 creatures vanquished.

Notes
Turn   | Place    | Note
-------+----------+-------------------------------------------
     0 | D:1      | Atlas the Draconian Fire Elementalist began the quest for
                  | the Orb.
     0 | D:1      | Reached XP level 1. HP: 14/14 MP: 3/3
   509 | D:1      | Reached XP level 2. HP: 20/20 MP: 3/5
  1603 | D:2      | Reached XP level 3. HP: 26/26 MP: 4/6
  1626 | D:2      | Learned a level 2 spell: Throw Flame
  1630 | D:2      | Learned a level 3 spell: Conjure Flame
  2303 | D:2      | You fall through a shaft for 2 floors!
  2316 | D:4      | HP: 1/27 [orc wizard/dagger (3)]
  2317 | D:4      | Slain by a quokka

Vault maps used:
D:1:      dpeg_arrival_subterranean_lakeside_camping, chequers_big_river
D:4:      lemuel_round_altar, minmay_temple_entry_statues_fountains,
          first_ration, uniq_menkaure

Skill      XL: |  1  2 |
---------------+-------+-----
Dodging        | 2 |  2.1
Fighting       | |  0.3
Stealth        | |  1.7
Unarmed Combat | |  0.4
Spellcasting   | |  2.6
Conjurations   | |  1.7
Fire Magic     | |  3.6

Action                   || total
-------------------------++-------
Melee: Unarmed           ||    16
       Tailslap          ||     6
       Dagger            ||    37
       Punch             ||     1
 Cast: Flame Tongue      ||    47
  Use: Potion            ||     1
 Stab: Sleeping          ||     1
  Eat: Chunk             ||     5
Armor: Skin              ||    20
Dodge: Dodged            ||    52

Table legend:
 A = Non-vault XP
 B = Vault XP
 C = Vault XP percentage of total XP
 D = Non-vault monster count
 E = Vault monster count
 F = Vault count percentage of total count
                 A         B        C        D         E       F
            +---------+---------+-------+---------+---------+-------
      Total |      74 |      10 |  11.9 |      31 |       6 |  16.2
            +---------+---------+-------+---------+---------+-------
        D:1 |      22 |      10 |  31.2 |      16 |       6 |  27.3
        D:2 |      49 |       0 |   0.0 |      14 |       0 |   0.0
        D:4 |       3 |       0 |   0.0 |       1 |       0 |   0.0
            +---------+---------+-------+---------+---------+-------
